 Dungeon Crawl Stone Soup version 0.30-a0-1160-g6e42c06551 (webtiles) character file.

Game seed: 14835803997183322281

19299 greenreed the Fighter (level 12, -3/117 HPs)
             Began as a Minotaur Berserker on Apr 26, 2023.
             Was a High Priest of Trog.
             Slain by a meliai
             ... wielding a +2 hand axe of electrocution
              (5 damage)
             ... on level 11 of the Dungeon.
             The game lasted 00:32:06 (11047 turns).

greenreed the Fighter (Minotaur Berserker)         Turns: 11047, Time: 00:32:06

Health: -3/117     AC: 21    Str: 28    XL:     12   Next: 35%
Magic:  11/11      EV: 12    Int:  7    God:    Trog [*****.]
Gold:   1038       SH:  0    Dex:  5    Spells: 11/11 levels left

rFire   . . .        Y - +3 glaive (flame)
rCold   + + .        (shield currently unavailable)
rNeg    . . .        v - +2 scale mail {rC+}
rPois   .            (helmet restricted)
rElec   .            S - +1 cloak
rCorr   +            B - +0 pair of gloves
SInv    +            Q - +5 pair of boots of Lacacoc {rC+ rCorr Int+3 Dex-4}
Will    +....        K - amulet of regeneration Stlth
                     W - ring of willpower
HPRegen 1.19/turn    E - ring of see invisible
MPRegen 0.12/turn

%: no passive effects
@: lethally poisoned (-3 -> -25)
A: horns 2, retaliatory headbutt
a: Renounce Religion, Berserk, Trog's Hand, Brothers in Arms


You were on level 11 of the Dungeon.
You worshipped Trog.
Trog was extremely pleased with you.
You visited 1 branch of the dungeon, and saw 12 of its levels.
You also visited: Bailey.

You collected 1038 gold pieces.

Inventory:

Hand Weapons
 L - a +1 trident of holy wrath
 O - a +1 bardiche of venom
 Y - a +3 glaive of flaming (weapon)
Missiles
 z - 30 javelins (quivered)
 F - a throwing net
Armour
 a - the +2 hat of the Bear Spirit {Spirit, Bear, *Rage Will++}
   (You acquired it on level 11 of the Dungeon)

   Bear:      Going berserk makes the wearer exceptionally tough, and they are
   slowed for a shorter time afterward.
   *Rage:     It berserks you when you make melee attacks (+20% chance).
   Will:      It greatly increases your willpower.
 v - a +2 scale mail of cold resistance (worn)
 B - a +0 pair of gloves (worn)
 Q - the +5 pair of boots of Lacacoc (worn) {rC+ rCorr Int+3 Dex-4}
   (You found it in a bailey)

   Int:       It affects your intelligence (+3).
   Dex:       It affects your dexterity (-4).
   rC:        It protects you from cold.
   rCorr:     It protects you from acid and corrosion.
 S - a +1 cloak (worn)
Jewellery
 h - an amulet of magic regeneration
 j - a +6 ring of intelligence
 l - a +6 ring of dexterity
 E - a ring of see invisible (right hand)
 H - a ring of magical power
 J - a ring of fire
 K - an amulet of regeneration (around neck)
 U - a ring of willpower
 W - a ring of willpower (left hand)
Wands
 u - a wand of digging (2)
 x - a wand of quicksilver (26)
 N - a wand of iceblast (3)
 R - a wand of paralysis (6)
 V - a wand of mindburst (1)
Scrolls
 b - a scroll of brand weapon {unknown}
 c - 3 scrolls of blinking
 e - 3 scrolls of noise
 k - 6 scrolls of teleportation
 n - 3 scrolls of magic mapping
 q - 4 scrolls of poison
 r - a scroll of silence {unknown}
 s - 2 scrolls of amnesia
 y - a scroll of fear
 A - 5 scrolls of enchant armour
 G - 2 scrolls of fog
 I - a scroll of immolation
 P - 5 scrolls of enchant weapon
Potions
 d - a potion of flight {unknown}
 f - 9 potions of curing
 g - 10 potions of degeneration
 i - 3 potions of magic
 m - 3 potions of might {unknown}
 o - 4 potions of haste
 t - 3 potions of lignification {unknown}
 w - a potion of invisibility {unknown}
 C - a potion of experience {unknown}
 D - 8 potions of cancellation
 M - a potion of brilliance {unknown}
 X - 2 potions of mutation {unknown}


   Skills:
 * Level 14.2 Fighting
 * Level 14.1 Polearms
 + Level 4.0 Throwing
 + Level 10.3 Armour
 + Level 9.5 Dodging


You had 11 spell levels left.
You didn't know any spells.
Your spell library was empty.

Dungeon Overview and Level Annotations

Branches:
Dungeon (12/15)            Temple (0/1) D:7            Lair (0/5) D:9
    Orc (0/2) D:12         Bailey (visited)

Altars:
Cheibriados
Dithmenos
Nemelex Xobeh
Qazlal
Uskayaw
Vehumet
Xom
Zin

Shops:
D:9 :


Innate Abilities, Weirdness & Mutations

You have a pair of horns on your head.
You reflexively headbutt those who attack you in melee.


Message History

You are electrocuted!
* * * LOW HITPOINT WARNING * * *
The meliai stings you!
* * * LOW HITPOINT WARNING * * *
The killer bee closely misses you. You furiously retaliate!
You headbutt the killer bee!
You kill the killer bee!
Trog accepts your kill. The meliai closely misses you.
The meliai stings you but does no damage.
You feel much better.
You feel sick.
The killer bee stings you but does no damage.
The meliai calls upon its god to heal the killer bee.
The killer bee's wounds heal themselves!
The meliai misses you. The meliai closely misses you.
The killer bee stings you.
* * * LOW HITPOINT WARNING * * *
You are more poisoned.
The killer bee poisons you! The meliai hits you but does no damage.
The meliai stings you but does no damage.
The meliai barely misses you. The meliai stings you.
* * * LOW HITPOINT WARNING * * *
You are lethally poisoned!
The meliai poisons you!
You feel much better.
You feel extremely sick. The killer bee stings you.
* * * LOW HITPOINT WARNING * * *
The meliai hits you with a +2 hand axe of electrocution.
* * * LOW HITPOINT WARNING * * *
You are electrocuted!
* * * LOW HITPOINT WARNING * * *
The meliai misses you.
The meliai invokes the aid of its god against you.
Something smites you!
* * * LOW HITPOINT WARNING * * *
The killer bee stings you but does no damage.
The meliai barely misses you. You furiously retaliate!
You headbutt the meliai. The meliai stings you.
You die...

#...................# #.......# #
#....>..####........# #.......# #
#.......# #........# #..###..###
...###..# #........###..# #.....
...# #..# #.............# #.....
##.# #..# #.............# #..##.
#.# #..# #.............# #..##.
#.# #..# #...y†y.......# #..##.
#.# #..# #...y@†.......# #..##.
#.# #†.# #...†.†.......# #..##.
#.# #..# #.............# #..##.
#.# #..# #.............# #..##.
#.# #..# #.............# #..##.
#.# #..# #.............# #..##.
##.###..####.............###.....
.................................
#################################


You could see 2 meliai and a killer bee.

Vanquished Creatures
  A boulder beetle (D:11)
  2 two-headed ogres
  A manticore (D:11)
  A cyclops (D:11)
  An unseen horror (D:10)
  3 komodo dragons
  A troll (D:12)
  A queen bee (D:12)
  A hornet (D:9)
  Sigmund (D:2)
  A wraith (D:11)
  A shadow (D:10)
  11 yaks
  A basilisk (D:7)
  A wyvern (D:10)
  3 vampire mosquitoes (D:12)
  An acid dragon (D:12)
  Duvessa (D:7)
  3 water moccasins (D:9)
  A swamp drake (D:12)
  2 black bears (D:9)
  A sky beast (D:8)
  An ice beast (D:6)
  14 orc warriors
  13 centaurs
  2 ogres (D:6)
  A phantom (D:6)
  3 kobold brigands
  Blork the orc (D:6)
  5 gnoll sergeants
  9 bullfrogs
  3 scorpions
  12 wights
  Dowan (D:7)
  29 killer bees
  4 howler monkeys
  8 hounds
  2 gnoll boudas
  8 orc priests
  A jelly (D:7)
  4 sleepcaps
  3 iguanas
  Ijyb (D:3)
  17 orc wizards
  25 gnolls
  9 adders
  2 shadow imps (D:8)
  3 white imps
  An ufetubus (D:6)
  3 worms (D:2)
  2 dart slugs
  74 orcs
  7 endoplasms
  6 giant cockroaches
  9 goblins
  7 hobgoblins
  6 jackals
  19 kobolds
  4 quokkas
  9 ball pythons
  3 bats
  3 frilled lizards
  A quokka zombie (D:2)
  5 rats
380 creatures vanquished.

Vanquished Creatures (collateral kills)
  Gastronok (D:12)
  A centaur warrior (D:10)
  2 two-headed ogres (D:10)
  A boulder beetle (D:10)
  A steam dragon (D:10)
  2 acid dragons (D:10)
  2 killer bees (D:10)
10 creatures vanquished.

Vanquished Creatures (others)
  31 fungi (D:9)
  25 plants (D:9)
56 creatures vanquished.

Grand Total: 446 creatures vanquished

Notes
Turn   | Place    | Note
-------+----------+-------------------------------------------
     0 | D:1      | greenreed the Minotaur Berserker began the quest for the
                  | Orb.
     0 | D:1      | Reached XP level 1. HP: 19/19 MP: 0/0
   203 | D:1      | Reached XP level 2. HP: 27/27 MP: 1/1
   628 | D:2      | Noticed Sigmund
   637 | D:2      | Reached ** piety under Trog
   693 | D:2      | Killed Sigmund
   694 | D:2      | Reached XP level 3. HP: 35/35 MP: 2/2
   694 | D:2      | Reached XP level 4. HP: 41/41 MP: 3/3
   694 | D:2      | Reached XP level 5. HP: 47/47 MP: 4/4
   756 | D:2      | Identified the +9 dagger "Tormentor" {venom, Fragile rElec
                  | Int+3 Stlth+}
  1113 | D:2      | Found a shimmering altar of Xom.
  1132 | D:2      | Reached skill level 5 in Fighting
  1247 | D:2      | Reached skill level 5 in Polearms
  1667 | D:3      | You fall into a shaft and drop 2 floors!
  1667 | D:5      | Entered Level 5 of the Dungeon
  1760 | D:4      | Reached XP level 6. HP: 52/56 MP: 5/5
  2493 | D:3      | Noticed Ijyb
  2510 | D:3      | Killed Ijyb
  3261 | D:5      | Reached XP level 7. HP: 43/60 MP: 6/6
  3389 | D:5      | Reached *** piety under Trog
  3475 | D:4      | Reached skill level 5 in Armour
  4077 | D:5      | Reached XP level 8. HP: 48/73 MP: 7/7
  4278 | D:5      | Reached skill level 5 in Dodging
  4751 | D:6      | Reached **** piety under Trog
  4834 | D:6      | Found a large runed translucent door.
  4835 | D:6      | Found a large runed translucent door.
  5000 | D:6      | Reached XP level 9. HP: 82/82 MP: 8/8
  5057 | D:6      | Found a shimmering altar of Xom.
  5058 | D:6      | Found a stormy altar of Qazlal.
  5247 | D:6      | Noticed Blork the orc
  5258 | D:6      | Killed Blork the orc
  5698 | D:6      | Found a snail-covered altar of Cheibriados.
  5707 | D:6      | Found a shadowy altar of Dithmenos.
  5785 | D:7      | Found a radiant altar of Vehumet.
  5876 | D:7      | Noticed Dowan
  5886 | D:7      | Killed Dowan
  5912 | D:7      | Found a staircase to the Ecumenical Temple.
  5924 | D:7      | Noticed a two-headed ogre
  5930 | D:7      | Killed a two-headed ogre
  5931 | D:7      | Reached skill level 10 in Fighting
  5931 | D:7      | Reached skill level 10 in Polearms
  5980 | D:7      | Identified the +3 leather armour of Quiescent Beauty {rN+
                  | Str+2 Dex+3}
  5980 | D:7      | Noticed Duvessa
  5986 | D:7      | Killed Duvessa
  6178 | D:7      | Found a flagged portal.
  6194 | Bailey   | Entered a bailey
  6212 | Bailey   | Reached XP level 10. HP: 87/94 MP: 9/9
  6251 | Bailey   | Reached ***** piety under Trog
  6811 | Bailey   | Identified the +5 pair of boots of Lacacoc {rC+ rCorr Int+3
                  | Dex-4}
  7258 | D:7      | Found a hide-covered altar of Uskayaw.
  7920 | D:8      | Identified the +3 flail "Tac Kuof" {pain, Str+6}
  7962 | D:8      | Noticed a two-headed ogre
  7982 | D:8      | Killed a two-headed ogre
  8048 | D:8      | Found a sparkling altar of Nemelex Xobeh.
  8306 | D:9      | Reached XP level 11. HP: 92/104 MP: 10/10
  8526 | D:9      | Found a staircase to the Lair.
  8658 | D:9      | Found Lighuit's Book Boutique.
  8799 | D:9      | Found a glowing silver altar of Zin.
  8893 | D:9      | Reached skill level 1 in Throwing
  9104 | D:10     | Entered Level 10 of the Dungeon
  9250 | D:10     | Received a gift from Trog
  9732 | D:10     | Identified the +4 scale mail "Beco" {Harm rCorr Slay-2
                  | Stlth+}
  9737 | D:10     | Noticed a two-headed ogre
  9737 | D:10     | Noticed a boulder beetle
  9737 | D:10     | Noticed a two-headed ogre
  9737 | D:10     | Noticed a centaur warrior
  9740 | D:10     | Killed a two-headed ogre
  9748 | D:10     | Killed a centaur warrior
  9752 | D:10     | Killed a boulder beetle
  9753 | D:10     | Killed a two-headed ogre
 10030 | D:11     | Noticed a boulder beetle
 10039 | D:11     | Killed a boulder beetle
 10040 | D:11     | Reached skill level 10 in Armour
 10040 | D:11     | Reached XP level 12. HP: 98/116 MP: 11/11
 10318 | D:11     | Identified a scroll of acquirement
 10332 | D:11     | Acquired the +2 hat of the Bear Spirit {Spirit, Bear, *Rage
                  | Will++}
 10332 | D:11     | Found the +2 hat of the Bear Spirit {Spirit, Bear, *Rage
                  | Will++}
 10457 | D:12     | Noticed Gastronok
 10464 | D:12     | Killed Gastronok
 10536 | D:12     | Found a staircase to the Orcish Mines.
 10571 | D:12     | Received a gift from Trog
 11045 | D:11     | HP: 4/117 [meliai/+2 hand axe of electrocution (7)]
 11047 | D:11     | Slain by a meliai

Illustrated notes

Levels and vault maps discovered:
D:1:      giann_horns, layout_basic
D:2:      layout_basic, serial_undead, serial_undead_c, serial_undead_f,
          serial_undead_f, serial_undead_f, basic_altar,
          dreamdust_princess_corridor, minmay_worlds_worst_comb, uniq_sigmund
D:3:      layout_loops_corners, uniq_ijyb
D:4:      layout_basic, minmay_unequal
D:5:      layout_cave_pools, serial_gnoll_camp, gnoll_camp_mini_loothouse,
          gnoll_camp_mini_hut, gnoll_camp_mini_sergeant, gnoll_camp_mini_hut,
          gnoll_camp_mini_basic, gnoll_camp_mini_basic
D:6:      layout_loops_corners, jmf_multi_god_temple2,
          mainiacjoe_overflow_divided_tiny, st_stairs_14, uniq_blork_the_orc
D:7:      layout_basic, mainiacjoe_overflow_alcove_4,
          mainiacjoe_overflow_24_doors, minmay_temple_entry_large_hall,
          enter_bailey_4, uniq_duvessa
D:8:      layout_cave_pools, amcnicky_altar_gilded
D:9:      layout_small_grid, kennysheep_little_box, due_lair_maze_entry_diamond,
          serial_shops, nicolae_book_shop_shelving
D:10:     layout_roguey, serial_glass, glass_columns_a, glass_columns_a,
          kennysheep_decorative_pillar, minmay_joined_circles
D:11:     layout_long_grid
D:12:     layout_layer_cave, erik_orc_1, special_room [special_room_bee],
          gauntlet_entry_generic, uniq_gastronok

Skill      XL: |  1  2  3  4  5  6  7  8  9 10 11 12 |
---------------+-------------------------------------+-----
Fighting       | 4 5 6 7 8 10 12 13 14 | 14.2
Polearms       | 4 5 6 7 8 10 12 13 14 | 14.1
Armour         | 4 5 6 7 8 10 | 10.3
Dodging        | 3 4 5 7 8 9 |  9.5
Throwing       | 3 4 |  4.0

Action                     |  1- 3 |  4- 6 |  7- 9 | 10-12 || total
---------------------------+-------+-------+-------+-------++-------
  Melee: Spear             |    51 |   161 |       |       ||   212
         Headbutt          |     7 |    25 |    43 |    54 ||   129
         Halberd           |       |     3 |   374 |   477 ||   854
         Glaive            |       |       |       |    38 ||    38
  Throw: Javelin           |       |       |     1 |       ||     1
 Invoke: Berserk           |     1 |     2 |     5 |       ||     8
         Trog's Hand       |       |     1 |     2 |     1 ||     4
         Brothers in Arms  |       |       |       |     3 ||     3
  Evoke: Wand              |       |       |     3 |     5 ||     8
    Use: Scroll            |       |       |       |    17 ||    17
         Potion            |       |       |       |     6 ||     6
   Stab: Sleeping          |     1 |       |       |       ||     1
 Armour: Animal skin       |     1 |       |       |       ||     1
         Plate armour      |    14 |    29 |       |       ||    43
         Scale mail        |       |    32 |   195 |   269 ||   496
  Dodge: Dodged            |    15 |    74 |   241 |   381 ||   711

Table legend: (Time is in decaauts)
 A = Elapsed time spent in this place.
 B = Non-inter-level travel time spent in this place.
 C = Inter-level travel time spent in this place.
 D = Time resting spent in this place.
 E = Time spent auto-exploring this place.
 F = Levels seen in this place.
 G = Mean time per level.
                   A        B        C        D        E       F      G
               +--------+--------+--------+--------+--------+-----+--------+
         Total |  11093 |  10321 |    772 |    556 |   7188 |  13 |  853.3 |
       Dungeon |  10246 |   9474 |    772 |    490 |   6806 |  12 |  853.8 |
        Bailey |    847 |    847 |      0 |     66 |    381 |   1 |  847.0 |
               +--------+--------+--------+--------+--------+-----+--------+

Top non-repeatable levels by time:
     D:5: 1214 daAuts
     D:4: 1132 daAuts
     D:7: 1091 daAuts
     D:6: 1063 daAuts
     D:2: 994 daAuts
     D:9: 864 daAuts
     D:3: 859 daAuts
  Bailey: 847 daAuts
    D:10: 719 daAuts
    D:11: 614 daAuts
    D:12: 571 daAuts
     D:8: 569 daAuts
     D:1: 552 daAuts
